 Dungeon Crawl Stone Soup version 0.31-a0-675-g238779eb0a (webtiles) character file.

Game seed: 17847755113088616086

1628 randomguy2701 the Cleaver (level 8, -3/69 HPs)
             Began as a Hill Orc Fighter on Sept 6, 2023.
             Was a Follower of Beogh.
             Slain by Joseph
             ... wielding a +0 quarterstaff
              (7 damage)
             ... on level 7 of the Dungeon.
             The game lasted 00:08:07 (6269 turns).

randomguy2701 the Cleaver (Hill Orc Fighter)        Turns: 6269, Time: 00:08:07

Health: -3/69      AC: 12    Str: 19    XL:     8   Next: 97%
Magic:  10/10      EV:  6    Int:  8    God:    Beogh [*.....]
Gold:   312        SH: 13    Dex: 12    Spells: 7/7 levels left

rFire   . . .        a - +0 war axe
rCold   + . .        b - +0 tower shield
rNeg    + . .        n - +2 chain mail "Vaagonacw" {rC+ rN+ SInv}
rPois   .            (no helmet)
rElec   .            (no cloak)
rCorr   .            (no gloves)
SInv    +            (no boots)
Will    .....        D - amulet of magic regeneration Stlth
                     (no ring)
HPRegen 0.31/turn    (no ring)
MPRegen 0.52/turn

%: no passive effects
@: no status effects
A: no striking features
a: Renounce Religion


You were on level 7 of the Dungeon.
You worshipped Beogh.
Beogh was aware of your devotion.
You visited 1 branch of the dungeon, and saw 7 of its levels.
You also visited: Sewer and Ossuary.

You collected 312 gold pieces.

Inventory:

Hand Weapons
 a - a +0 war axe (weapon)
Missiles
 y - a throwing net
Armour
 b - a +0 tower shield (worn)
 c - a +0 buckler
 n - the +2 chain mail "Vaagonacw" (worn) {rC+ rN+ SInv}
   (You found it on level 3 of the Dungeon)

   rC+:       It protects you from cold.
   rN+:       It protects you from negative energy.
   SInv:      It lets you see invisible.
Jewellery
 d - an amulet of guardian spirit
 D - an amulet of magic regeneration (around neck)
Wands
 j - a wand of polymorph (6)
 k - a wand of flame (12)
 l - a wand of paralysis (3)
Scrolls
 f - 2 scrolls of vulnerability {unknown}
 g - 3 scrolls of blinking {unknown}
 h - a scroll of fog {unknown}
 i - 3 scrolls of amnesia {unknown}
 m - 3 scrolls of enchant armour {unknown}
 q - 2 scrolls of immolation
 t - 2 scrolls of summoning {unknown}
 v - 7 scrolls of identify {unknown}
 x - 4 scrolls of noise
 A - a scroll of torment {unknown}
 C - 2 scrolls of teleportation {unknown}
Potions
 e - 5 potions of heal wounds {unknown}
 o - 7 potions of curing {unknown}
 p - 3 potions of enlightenment {unknown}
 r - 6 potions of haste {unknown}
 s - 2 potions of magic {unknown}
 u - 2 potions of resistance {unknown}
 w - a potion of mutation
 z - 5 potions of degeneration
 B - 2 potions of attraction {unknown}


   Skills:
 + Level 5.6 Fighting
 + Level 9.4 Axes
 + Level 5.8 Armour
 + Level 2.4 Dodging
 + Level 0.2 Stealth
 + Level 6.0 Shields
 + Level 0.4 Unarmed Combat
 * Level 3.1 Invocations
 + Level 0.2 Evocations


You had 7 spell levels left.
You didn't know any spells.
Your spell library contained the following spells:

 Spells                   Type           Power      Damage    Failure   Level
 Apportation              Tloc           0%         N/A       100%        1
 Sting                    Tmut/Pois      0%         1d3       100%        1
 Blink                    Tloc           0%         N/A       100%        2
 Ensorcelled Hibernation  Hex/Ice        0%         N/A       100%        2
 Passwall                 Tmut/Erth      0%         N/A       100%        2
 Poisonous Vapours        Pois/Air       0%         N/A       100%        2
 Frozen Ramparts          Ice            0%         1d1       100%        3
 Swiftness                Air            0%         N/A       100%        3
 Manifold Assault         Tloc           0%         N/A       100%        4
 Olgreb's Toxic Radiance  Pois           0%         N/A       100%        4
 Petrify                  Tmut/Erth      0%         N/A       100%        4
 Vhi's Electric Charge    Tloc/Air       0%         N/A       100%        4
 Alistair's Intoxication  Tmut/Pois      0%         N/A       100%        5
 Arcjolt                  Conj/Air       0%         1d10      100%        5
 Metabolic Englaciation   Hex/Ice        0%         N/A       100%        5
 Maxwell's Capacitive Co  Air            0%         ∞         100%        8


Dungeon Overview and Level Annotations

Branches:
Dungeon (7/15)             Temple (0/1) D:5           Sewer (visited)
Ossuary (visited)

Altars:
Elyvilon
Hepliaklqana
Makhleb
Nemelex Xobeh
Okawaru
Trog
Uskayaw
Vehumet
Wu Jian
Yredelemnul
Zin

Shops:
D:3 *

Annotations:
D:7 Joseph


Message History

Joseph barely misses you. You block Joseph's attack.
You hit Joseph.
Joseph is severely wounded.
Joseph hits you with a +0 quarterstaff.
You hit Joseph.
Joseph is severely wounded.
Joseph barely misses you.
You closely miss Joseph.
Joseph is severely wounded.
You block Joseph's attack.
You slash Joseph!
Joseph is almost dead.
Joseph hits you but does no damage. x2
You hit Joseph.
Joseph is almost dead.
You block Joseph's attack.
You barely miss Joseph.
Joseph is almost dead.
Joseph hits you with a +0 quarterstaff!
* * * LOW HITPOINT WARNING * * *
You barely miss Joseph.
Joseph is almost dead.
You block Joseph's attack. Joseph hits you but does no damage.
You hit Joseph but do no damage.
Joseph is almost dead.
Joseph hits you with a +0 quarterstaff.
* * * LOW HITPOINT WARNING * * *
You hit Joseph but do no damage.
Joseph is almost dead.
Joseph hits you with a +0 quarterstaff.
* * * LOW HITPOINT WARNING * * *
You barely miss Joseph.
Joseph is almost dead.
Joseph hits you with a +0 quarterstaff!
* * * LOW HITPOINT WARNING * * *
Joseph hits you but does no damage.
You barely miss Joseph.
Joseph is almost dead.
Joseph hits you with a +0 quarterstaff!
You die...

###.
####.....
##........
#.@......#
#@.####..#
#.### #.#
#.. #..
#.. ..#


You could see Joseph.

Vanquished Creatures
  Menkaure (D:6)
  Duvessa (D:6)
  An orc warrior (D:6)
  An ogre (D:5)
  2 phantoms
  5 scorpions
  Dowan (D:6)
  A howler monkey (D:6)
  2 centaur zombies (Ossuary)
  3 hounds (D:6)
  A gnoll bouda (D:6)
  An orc priest (D:6)
  A human zombie (Ossuary)
  2 iguanas (D:5)
  An orc wizard (D:4)
  Natasha (thrice) (D:2)
  5 mummies (Ossuary)
  4 gnolls (D:6)
  4 river rats (Sewer)
  7 adders
  A shadow imp (D:6)
  A white imp (D:6)
  An ufetubus (D:3)
  2 worms
  A dart slug (D:1)
  10 orcs
  3 bats
  9 endoplasms
  2 giant cockroaches
  A gnoll zombie (Ossuary)
  5 goblins
  11 hobgoblins
  8 jackals
  6 kobolds
  2 quokkas (D:5)
  9 ball pythons
  17 frilled lizards
  A goblin zombie (Ossuary)
  2 hobgoblin zombies (Ossuary)
  A kobold zombie (Ossuary)
  7 rats
  A spectral hobgoblin (D:4)
148 creatures vanquished.

Vanquished Creatures (others)
  A scorpion (D:5)
  An orc priest (D:5)
  An orc (D:5)
3 creatures vanquished.

Grand Total: 151 creatures vanquished

Notes
Turn   | Place    | Note
-------+----------+-------------------------------------------
     0 | D:1      | randomguy2701 the Hill Orc Fighter began the quest for the
                  | Orb.
     0 | D:1      | Reached XP level 1. HP: 19/19 MP: 1/1
   115 | D:1      | Reached XP level 2. HP: 24/27 MP: 2/2
   198 | D:1      | Reached skill level 3 in Axes
   602 | D:1      | Reached XP level 3. HP: 33/33 MP: 3/3
   878 | D:2      | Found a sparkling altar of Nemelex Xobeh.
  1138 | D:2      | Found a faded altar of an unknown god.
  1138 | D:2      | Noticed a hellwing
  1161 | D:2      | Noticed Natasha
  1169 | D:2      | Killed Natasha
  1170 | D:2      | Reached skill level 4 in Axes
  1170 | D:2      | Reached XP level 4. HP: 26/40 MP: 4/4
  1395 | D:2      | Noticed Natasha
  1399 | D:2      | Killed Natasha
  1400 | D:2      | Reached skill level 5 in Axes
  1543 | D:2      | Noticed Natasha
  1559 | D:2      | Killed Natasha
  1560 | D:2      | Reached XP level 5. HP: 28/46 MP: 5/5
  1666 | D:3      | Found Onuas's General Store.
  1671 | D:3      | Found a radiant altar of Vehumet.
  1685 | D:3      | Identified the +2 chain mail "Vaagonacw" {rC+ rN+ SInv}
  2007 | D:4      | Reached skill level 6 in Axes
  2012 | D:4      | Found a sand-covered staircase.
  2034 | D:4      | Reached XP level 6. HP: 51/52 MP: 6/6
  2051 | D:4      | Found an iron altar of Okawaru.
  2134 | Ossuary  | Entered an ossuary
  2295 | Ossuary  | Reached skill level 7 in Axes
  2295 | Ossuary  | Reached skill level 1 in Dodging
  2638 | D:4      | Found a white marble altar of Elyvilon.
  2733 | D:4      | Found a bloodstained altar of Trog.
  2737 | D:4      | Found an ornate altar of the Wu Jian Council.
  2742 | D:4      | Found a basalt altar of Yredelemnul.
  3022 | D:4      | Found a hazy altar of Hepliaklqana.
  3178 | D:5      | Entered Level 5 of the Dungeon
  3253 | D:5      | Reached XP level 7. HP: 54/60 MP: 7/7
  3319 | D:5      | Found a staircase to the Ecumenical Temple.
  3618 | D:5      | Found a burning altar of Makhleb.
  3624 | D:5      | Found a glowing silver altar of Zin.
  3624 | D:5      | Noticed a green death
  3624 | D:5      | Noticed an angel
  3642 | D:5      | Became a worshipper of Beogh the Brigand
  3763 | D:5      | Found a glowing drain.
  3781 | Sewer    | Entered a sewer
  4236 | D:5      | Reached skill level 5 in Fighting
  4236 | D:5      | Reached skill level 8 in Axes
  4886 | D:3      | Reached * piety under Beogh
  5261 | D:6      | Reached skill level 5 in Armour
  5264 | D:6      | Reached XP level 8. HP: 68/68 MP: 8/8
  5313 | D:6      | Noticed Menkaure
  5319 | D:6      | Killed Menkaure
  5320 | D:6      | Reached skill level 5 in Shields
  5393 | D:6      | Reached skill level 1 in Invocations
  5394 | D:6      | Found a hide-covered altar of Uskayaw.
  5410 | D:6      | Reached skill level 9 in Axes
  5850 | D:6      | Noticed Dowan
  5852 | D:6      | Noticed Duvessa
  5859 | D:6      | Killed Dowan
  5868 | D:6      | Killed Duvessa
  6240 | D:7      | Noticed Joseph
  6268 | D:7      | HP: 3/69 [Joseph/+0 quarterstaff (11)]
  6269 | D:7      | Slain by Joseph

Illustrated notes

Levels and vault maps discovered:
D:1:      matt_arrival_los_fun, layout_loops_cross
D:2:      layout_loops_cross, basic_altar,
          dreamdust_ecumenical_altar_sealed_demon, minmay_lizard_king,
          uniq_natasha
D:3:      cheibrodos_greedy_goblins, layout_basic, mainiacjoe_overflow_catwalk,
          serial_shops, nicolae_shop_peninsula
D:4:      layout_rooms, amcnicky_altar_gilded, mainiacjoe_overflow_24_doors,
          grunt_temple_overflow_diamond, nicolae_hepliaklqana_monster_ancestors,
          nicolae_ossuary_entry_false_entrances
D:5:      layout_basic, grunt_temple_overflow_order_and_chaos_2,
          minmay_temple_entry_stoned_glass, cheibrodos_sewer_entry_bend,
          kennysheep_generic_room_8
D:6:      layout_cave_pools, nicolae_uskayaw_dance_hall, uniq_menkaure,
          uniq_duvessa
D:7:      layout_layer_cave, slow_altar_1, uniq_joseph

Skill      XL: |  1  2  3  4  5  6  7  8 |
---------------+-------------------------+-----
Axes           | 3 4 5 6 7 8 9 |  9.4
Fighting       | 4 5 |  5.6
Armour         | 4 5 |  5.8
Dodging        | 1 2 |  2.4
Shields        | 4 6 |  6.0
Invocations    | 3 |  3.1
Stealth        | |  0.2
Unarmed Combat | |  0.4
Evocations     | |  0.2

Action                     |  1- 3 |  4- 6 |  7- 9 || total
---------------------------+-------+-------+-------++-------
  Melee: War axe           |    99 |   141 |   272 ||   512
         Unarmed           |       |    13 |       ||    13
 Invoke: Convert to Beogh  |       |       |     1 ||     1
  Evoke: Wand              |       |       |     5 ||     5
    Use: Potion            |       |       |     1 ||     1
 Armour: Scale mail        |    51 |    17 |       ||    68
         Skin              |       |     3 |       ||     3
         Chain mail        |       |   100 |   198 ||   298
  Dodge: Dodged            |    41 |    33 |    44 ||   118
  Block: Buckler           |    21 |     7 |       ||    28
         Tower shield      |       |    88 |   216 ||   304

Table legend: (Time is in decaauts)
 A = Elapsed time spent in this place.
 B = Non-inter-level travel time spent in this place.
 C = Inter-level travel time spent in this place.
 D = Time resting spent in this place.
 E = Time spent auto-exploring this place.
 F = Levels seen in this place.
 G = Mean time per level.
                   A        B        C        D        E       F      G
               +--------+--------+--------+--------+--------+-----+--------+
         Total |   6516 |   6010 |    506 |    115 |   4645 |   9 |  724.0 |
       Dungeon |   5536 |   5030 |    506 |    115 |   3954 |   7 |  790.9 |
         Sewer |    455 |    455 |      0 |      0 |    341 |   1 |  455.0 |
       Ossuary |    525 |    525 |      0 |      0 |    350 |   1 |  525.0 |
               +--------+--------+--------+--------+--------+-----+--------+

Top non-repeatable levels by time:
     D:5: 1087 daAuts
     D:6: 1029 daAuts
     D:2: 1015 daAuts
     D:4: 852 daAuts
     D:3: 797 daAuts
     D:1: 717 daAuts
 Ossuary: 525 daAuts
   Sewer: 455 daAuts
     D:7: 37 daAuts
